 Dungeon Crawl Stone Soup version 0.30-a0-879-ga8ba668304 (webtiles) character file.

Game seed: 17195644244601790280

21 jasper the Twirler (level 2, 2/22 HPs)
             Began as a Demonspawn Gladiator on Mar 13, 2023.
             Quit the game on level 1 of the Dungeon.
             The game lasted 00:01:09 (578 turns).

jasper the Twirler (Demonspawn Gladiator)            Turns: 578, Time: 00:01:10

Health: 2/22       AC:  6    Str: 14    XL:     2   Next: 62%
Magic:  2/2        EV: 11    Int:  9    God:
Gold:   45         SH:  4    Dex: 14    Spells: 1/1 levels left

rFire   . . .      SeeInvis .    a - +0 quarterstaff
rCold   . . .      Faith    .    (shield currently unavailable)
rNeg    . . .      Spirit   .    h - +0 ring mail
rPois   .          Reflect  .    c - +0 helmet
rElec   .          Rampage  .    (no cloak)
rCorr   .                        (no gloves)
Will    +....                    (no boots)
Stlth   +                        (no amulet)
HPRegen 0.23/turn                n - ring of willpower
MPRegen 0.08/turn                (no ring)

@: lethally poisoned (2 -> -15), flying
A: condensation shield
a: no special abilities


You were on level 1 of the Dungeon.
You visited 1 branch of the dungeon, and saw 1 of its levels.

You collected 45 gold pieces.

Inventory:

Hand Weapons
 a - a +0 quarterstaff (weapon)
Missiles
 d - 3 throwing nets
 e - a javelin
 g - 11 stones
 o - 3 boomerangs (quivered)
Armour
 b - a +0 leather armour
 c - a +0 helmet (worn)
 h - a +0 ring mail (worn)
Jewellery
 n - a ring of willpower (left hand)
Scrolls
 f - a scroll of noise {unknown}
 i - 2 scrolls of acquirement {unknown}
 j - a scroll of magic mapping {unknown}
 l - a scroll of teleportation {unknown}
 m - a scroll of brand weapon {unknown}
 p - a scroll of poison {unknown}
 q - a scroll of blinking {unknown}


   Skills:
 - Level 2.0 Fighting
 + Level 3.6 Staves
 - Level 1.7 Throwing
 - Level 2.6 Dodging


You had one spell level left.
You didn't know any spells.
Your spell library was empty.

Dungeon Overview and Level Annotations

Branches:
Dungeon (1/15)

Altars:


Innate Abilities, Weirdness & Mutations

A meltable shield of frost defends you. (SH +4)


Message History

There are monsters nearby!
Throw: 3 boomerangs
Press: ? - help, Q - select action, (/) - cycle Shift-Dir - straight line, f - goblin
Aim: a goblin, wielding a +1 dagger of venom (51% to hit)
You throw a boomerang.
The boomerang closely misses the goblin.
The goblin hits you with a +1 dagger of venom.
You are poisoned.
You take 1 damage, and have 21/22 hp.
You closely miss the goblin.
You feel sick. You block the goblin's attack. The goblin barely misses you.
You take 2 damage, and have 19/22 hp.
You closely miss the goblin.
You feel sick. The goblin hits you but does no damage.
You are more poisoned.
You take 1 damage, and have 18/22 hp.
You barely miss the goblin.
You feel very sick. The goblin hits you but does no damage.
You are lethally poisoned!
You take 2 damage, and have 16/22 hp.
You barely miss the goblin.
You feel very sick. The goblin misses you.
You take 5 damage, and have 11/22 hp.
MASSIVE DAMAGE!!
You closely miss the goblin.
You feel very sick. The goblin barely misses you.
You take 4 damage, and have 7/22 hp.
It was a potion of flight.
You feel very buoyant.
You fly up into the air.
* * * LOW HITPOINT WARNING * * *
You feel very sick.
The goblin hits you with a +1 dagger of venom.
* * * LOW HITPOINT WARNING * * *
You are more poisoned.
You take 5 damage, and have 2/22 hp.
MASSIVE DAMAGE!!
You aren't carrying any items that you can evoke.
Are you sure you want to abandon this character and quit the game? (Confirm with "yes".)

# #.# # #.#
# #.# # #.#
#####
#.########
....#
#........#
#.###
#.######.###
#.# #.#
#.?.# #.#
#.# ###@#
#.# #.# #g#
#.# #.# #S#
#.# #.# #.#
#.# ##.# #.#
#)# #..# #.#
#.####.##
#.# #......#
#.# ...#..##


You could see a goblin and a ball python.

Vanquished Creatures
  A dart slug (D:1)
  3 ball pythons (D:1)
  An endoplasm (D:1)
  3 goblins (D:1)
  2 hobgoblins (D:1)
  3 kobolds (D:1)
  2 quokkas (D:1)
  A frilled lizard (D:1)
  A rat (D:1)
17 creatures vanquished.

Notes
Turn   | Place    | Note
-------+----------+-------------------------------------------
     0 | D:1      | jasper the Demonspawn Gladiator began the quest for the
                  | Orb.
     0 | D:1      | Reached XP level 1. HP: 16/16 MP: 1/1
    55 | D:1      | Reached skill level 3 in Staves
   171 | D:1      | Gained mutation: A meltable shield of frost defends you.
                  | (SH +4) [demonic ancestry]
   171 | D:1      | Reached XP level 2. HP: 22/22 MP: 2/2
   578 | D:1      | Quit the game

Illustrated notes

Levels and vault maps discovered:
D:1:      spicycebolla_green_bress_n_ham_2, layout_basic

Skill      XL: |  1 |
---------------+----+-----
Staves         | 3 |  3.6
Fighting       | |  2.0
Throwing       | |  1.7
Dodging        | |  2.6

Action                     || total
---------------------------++-------
  Melee: Quarterstaff      ||    50
  Throw: Stone             ||     5
         Boomerang         ||     1
    Use: Potion            ||     1
 Armour: Leather armour    ||     5
         Ring mail         ||    14
  Dodge: Dodged            ||    23
  Block: Other             ||     2

Table legend: (Time is in decaauts)
 A = Elapsed time spent in this place.
 B = Non-inter-level travel time spent in this place.
 C = Inter-level travel time spent in this place.
 D = Time resting spent in this place.
 E = Time spent auto-exploring this place.
 F = Levels seen in this place.
 G = Mean time per level.
                   A        B        C        D        E       F      G
               +--------+--------+--------+--------+--------+-----+--------+
         Total |    585 |    585 |      0 |     25 |    376 |   1 |  585.0 |
       Dungeon |    585 |    585 |      0 |     25 |    376 |   1 |  585.0 |
               +--------+--------+--------+--------+--------+-----+--------+

Top non-repeatable levels by time:
     D:1: 585 daAuts
